 Dungeon Crawl Stone Soup version 0.22-a0-348-gd16d139 (webtiles) character file.

424 vishdafish the Poker (level 6, -2/47 HPs)
             Began as a Demonspawn Skald on Apr 11, 2018.
             Slain by a river rat (5 damage)
             ... on level 4 of the Dungeon.
             The game lasted 00:04:40 (3600 turns).

vishdafish the Poker (Demonspawn Skald)             Turns: 3600, Time: 00:04:40

Health: -2/47      AC:  4    Str: 11    XL:     6   Next: 64%
Magic:  9/9        EV: 12    Int: 17    God:
Gold:   180        SH:  0    Dex: 12    Spells: 8/9 levels left

rFire    + . .     SeeInvis .   g - +0 spear (flame)
rCold    . . .     Gourm    .   (no shield)
rNeg     . . .     Faith    .   b - +0 leather armour
rPois    .         Spirit   .   c - +0 helmet
rElec    .         Reflect  .   (no cloak)
rCorr    .         Harm     .   (no gloves)
MR       .....                  (no boots)
Stlth    ++........             (no amulet)
HPRegen  0.15/turn              (no ring)
MPRegen  0.11/turn              (no ring)

@: no status effects
A: fire resistance 1, flame cloud immunity
a: no special abilities


You were on level 4 of the Dungeon.
You were near starving.

You visited 1 branch of the dungeon, and saw 4 of its levels.

You collected 180 gold pieces.

Inventory:

Hand Weapons
 a - a +0 spear
 g - a +0 spear of flaming (weapon)
Armour
 b - a +0 leather armour (worn)
 c - a +0 helmet (worn)
Wands
 r - a wand of digging (9)
 t - a wand of random effects (31)
 u - a wand of acid (5)
Scrolls
 f - 4 scrolls of identify
 i - 2 scrolls of fog
 l - a scroll of random uselessness
 m - 2 scrolls of teleportation
 n - a scroll of amnesia
 s - a scroll of enchant armour {unknown}
 v - a scroll of blinking {unknown}
Potions
 e - a potion of haste {unknown}
 h - a potion of brilliance {unknown}
 k - 2 potions of cancellation
 o - a potion of degeneration {unknown}
 p - a potion of resistance {unknown}
 q - a potion of heal wounds {unknown}
 w - a potion of invisibility
Comestibles
 d - 10 rations


   Skills:
 + Level 3.2 Fighting
 + Level 4.3 Polearms
 + Level 2.5 Armour
 + Level 2.2 Dodging
 + Level 1.6 Stealth
 + Level 2.3 Spellcasting
 + Level 3.2 Charms


You had 8 spell levels left.
You knew the following spells:

 Your Spells              Type           Power        Failure   Level  Hunger
a - Infusion              Chrm           ##..         6%          1    #......


Dungeon Overview and Level Annotations

Branches:
Dungeon (4/15)
 Temple: D:4-7

Altars:
Yredelemnul


Innate Abilities, Weirdness & Mutations

Your flesh is heat resistant. (rF+)
You are immune to clouds of flame.


Message History

* * * LOW HITPOINT WARNING * * *
You hit the river rat. You burn the river rat.
The river rat is severely wounded.
The river rat bites you.
* * * LOW HITPOINT WARNING * * *
You hit the river rat. You burn the river rat.
The river rat is almost dead.
A rat comes into view.
You closely miss the river rat.
The river rat is almost dead.
The river rat bites you.
* * * LOW HITPOINT WARNING * * *
You barely miss the river rat.
The river rat is almost dead.
The river rat bites you.
* * * LOW HITPOINT WARNING * * *
You hit the river rat but do no damage.
The river rat is almost dead.
The river rat bites you.
You die...

........## #..# #.
.........## #..# #.
..........## .# #...
#.
†..........########.#
##># #.
...................##
..# #.
#..........###......#
.## #.
#..##.....####.#####.#
#. #..###...## #...##
#.......## #.###@#
#.###...# #.# ##r# ..#
#...##.# #.# #.#
#......# ...
#...#÷###.# ...
#####.# ?# #..≈#
####.####..# .≈r≈
#.......).#.. .≈#
#.##.####.$..


You could see a river rat and a rat.

Vanquished Creatures
  A phantom (D:4)
  A scorpion (D:4)
  A howler monkey (D:4)
  An orc priest (D:3)
  Ijyb (D:3)
  A worker ant (D:4)
  A hound skeleton (D:4)
  5 adders
  2 river rats (D:4)
  5 worms
  2 dart slugs (D:1)
  3 leopard geckos
  4 orcs (D:3)
  A ball python (D:3)
  9 giant cockroaches
  6 goblins
  4 hobgoblins
  5 jackals
  5 kobolds
  2 quokkas
  5 bats
  3 frilled lizards (D:3)
  A giant cockroach zombie (D:3)
  6 rats
75 creatures vanquished.

Vanquished Creatures (others)
  A rat (D:1)
1 creature vanquished.

Grand Total: 76 creatures vanquished

Notes
Turn   | Place    | Note
-------+----------+-------------------------------------------
     0 | D:1      | vishdafish the Demonspawn Skald began the quest for the Orb.
     0 | D:1      | Reached XP level 1. HP: 16/16 MP: 3/3
   170 | D:1      | Reached skill level 2 in Polearms
   186 | D:1      | Gained mutation: Your flesh is heat resistant. (rF+) [demonic ancestry]
   186 | D:1      | Reached XP level 2. HP: 22/22 MP: 5/5
   286 | D:1      | Reached skill level 1 in Armour
  1164 | D:2      | Gained mutation: You are immune to clouds of flame. [demonic ancestry]
  1164 | D:2      | Reached XP level 3. HP: 26/27 MP: 6/6
  1785 | D:3      | Reached XP level 4. HP: 27/34 MP: 7/7
  2075 | D:3      | Reached skill level 3 in Polearms
  2854 | D:3      | Noticed Ijyb
  2870 | D:3      | Killed Ijyb
  2870 | D:3      | Reached XP level 5. HP: 37/39 MP: 3/8
  3010 | D:4      | Noticed a phantom
  3037 | D:4      | Killed a phantom
  3037 | D:4      | Reached skill level 1 in Stealth
  3155 | D:4      | Reached XP level 6. HP: 12/47 MP: 6/9
  3164 | D:4      | Reached skill level 4 in Polearms
  3252 | D:4      | Found a basalt altar of Yredelemnul.
  3600 | D:4      | Slain by a river rat

Vault maps used:
D:1:      dpeg_arrival_arbitrary_a
D:3:      uniq_ijyb
D:4:      yredelemnul_altar_generic, lightli_sewer_entry_pipes

Skill      XL: |  1  2  3  4  5  6 |
---------------+-------------------+-----
Polearms       | 2 3 4 |  4.3
Armour         | 1 2 |  2.5
Charms         | 3 |  3.2
Dodging        | 2 |  2.2
Stealth        | 1 |  1.6
Fighting       | 3 |  3.2
Spellcasting   | |  2.3

Action                   |  1- 3 |  4- 6 || total
-------------------------+-------+-------++-------
Melee: Spear             |   105 |   275 ||   380
 Cast: Infusion          |       |     5 ||     5
  Use: Scroll            |       |     5 ||     5
       Potion            |       |     4 ||     4
 Stab: Distracted        |     1 |       ||     1
       Sleeping          |       |     1 ||     1
       Invisible         |       |     6 ||     6
  Eat: Chunk             |     3 |     4 ||     7
Armor: Leather armour    |    24 |    47 ||    71
Dodge: Dodged            |    55 |   123 ||   178

Table legend:
 A = Spawn XP
 B = Non-spawn XP
 C = Spawn XP percentage of total XP
 D = Spawn monster count
 E = Non-spawn monster count
 F = Spawn count percentage of total count
 G = Total turns spent on level
                    A         B        C        D         E        F      G
               +---------+---------+-------+---------+---------+-------+---------
         Total |       0 |     607 |   0.0 |       0 |      75 |   0.0 |  3600
               +---------+---------+-------+---------+---------+-------+---------
           D:1 |       0 |      27 |   0.0 |       0 |      13 |   0.0 |   913
           D:2 |       0 |      14 |   0.0 |       0 |       7 |   0.0 |   540
           D:3 |       0 |     166 |   0.0 |       0 |      33 |   0.0 |  1537
           D:4 |       0 |     400 |   0.0 |       0 |      22 |   0.0 |   610
               +---------+---------+-------+---------+---------+-------+---------
